Workbook

Sheet Balancete
B2: CONTAS | C2: Classificação | D2: Saldo devedor | E2: Saldo credor
B3: Disponibilidades | C3: Ativo Circulante | D3: 370126.97
B4: Clientes a receber | C4: Ativo Circulante | D4: 230709.12
B5: Estoques | C5: Ativo Circulante | D5: 16865.83
B6: Tributos a compensar | C6: Ativo Circulante | D6: 8790.39
B7: Despesas do exercício seguinte | C7: Ativo Circulante | D7: 1222.82
B8: Realizável a longo prazo | C8: Ativo Circulante | D8: 18849.54
B9: Imobilizado | C9: Ativo Circulante | D9: 2122856.6
B10: Depreciação acumulada | C10: Redutora Ativo Circulante | E10: 843273.94
B11: Fornecedores | C11: Passivo Circulante | E11: 57476.22
B12: Salários e encargos a pagar | C12: Passivo Circulante | E12: 17157.05
B13: Tributos a recolher | C13: Passivo Circulante | E13: 12814.52
B14: Adiantamento de clientes | C14: Passivo Circulante | E14: 34190.98
B15: Obrigações financeiras | C15: Passivo não Circulante | E15: 73207.99
B16: Encargos a transcorrer | C16: Redutora Passivo não Circulante | D16: 16465.66
B17: Capital social | C17: Patrimônio Líquido | E17: 2000000
B18: Prejuízos acumulados | C18: Redutora do Patrimônio Líquido | D18: 810487.81
B19: Receita bruta | C19: Receita | E19: 3251679.4
B20: Deduções da Receita Bruta | C20: Deduções da Receita | D20: 812919.86
B21: Custo da mercadoria vendida | C21: Despesa | D21: 1097441.8
B22: Despesas operacionais | C22: Despesa | D22: 509700.75
B23: Despesas financeiras | C23: Despesa | D23: 127425.19
B24: Tributos sobre IR/CSLL | C24: Despesa | D24: 145937.8
B25: Total | D25: =SUM(D3:D24) -> 6289800.1 | E25: =SUM(E3:E24) -> 6289800.1
B51: Receita Bruta | C51: 3251679.4
B52: Deduções | C52: =-0.25*C51 -> -812919.86
B53: Receita Líquida | C53: =C51+C52 -> 2438759.6
B54: Custo da mercadoria vendida | C54: =-0.45*C53 -> -1097441.8
B55: Resultado Bruto | C55: =C53+C54 -> 1341317.8
B56: Despesas operacionais | C56: =-0.38*C55 -> -509700.75
B57: Resultado operacional | C57: =C55+C56 -> 831617.01
B58: Despesas financeiras | C58: =C56*0.25 -> -127425.19
B59: Resultado antes dos tributos sobre IR/CSLL | C59: =C57+C58 -> 704191.83
B60: Tributos sobre IR/CSLL | C60: =C59-C61 -> 145937.8
B61: Resultado líquido | C61: 558254.03

Sheet DRE
B2: DRE
B3: Receita Bruta | C3: =Balancete!E19 -> 3251679.4
B4: Deduções | C4: =-Balancete!D20 -> -812919.86
B5: Receita Líquida | C5: =SUM(C3:C4) -> 2438759.6
B6: Custo da mercadoria vendida | C6: =-Balancete!D21 -> -1097441.8
B7: Resultado Bruto | C7: =SUM(C5:C6) -> 1341317.8
B8: Despesas operacionais | C8: =-Balancete!D22 -> -509700.75
B9: Resultado operacional | C9: =C7+C8 -> 831617.01
B10: Despesas financeiras | C10: =-Balancete!D23 -> -127425.19
B11: Resultado antes dos tributos sobre IR/CSLL | C11: =C9+C10 -> 704191.83
B12: Tributos sobre IR/CSLL | C12: =-Balancete!D24 -> -145937.8
B13: Resultado líquido | C13: =C11+C12 -> 558254.03

Sheet Balanço
B2: SOCIEDADE EMPRESÁRIA XYZ EM 31/10/2023
B3: CONTAS | C3: VALOR ORIGINAL | D3: AJUSTES | E3: VALOR AJUSTADO
B4: ATIVO CIRCULANTE | C4: =SUM(C5:C9) -> 627715.13 | D4: =SUM(D5:D9) -> -15649.947 | E4: =C4+D4 -> 612065.18
B5: Disponibilidades | C5: =Balancete!D3 -> 370126.97 | E5: =C5+D5 -> 370126.97
B6: Clientes a receber | C6: =Balancete!D4 -> 230709.12 | D6: =-Ajustes!C8 -> -23070.912 | E6: =C6+D6 -> 207638.21
B7: Estoques | C7: =Balancete!D5 -> 16865.83 | D7: =Ajustes!C9 -> 7420.9652 | E7: =C7+D7 -> 24286.795
B8: Tributos a compensar | C8: =Balancete!D6 -> 8790.39 | E8: =C8+D8 -> 8790.39
B9: Despesas do exercício seguinte | C9: =Balancete!D7 -> 1222.82 | E9: =C9+D9 -> 1222.82
B11: ATIVO NÃO CIRCULANTE | C11: =SUM(C12:C14) -> 1298432.2 | D11: =SUM(D12:D14) -> 2263831.6 | E11: =C11+D11 -> 3562263.8
B12: Realizável a longo prazo | C12: =Balancete!D8 -> 18849.54 | E12: =C12+D12 -> 18849.54
B13: Imobilizado | C13: =Balancete!D9 -> 2122856.6 | D13: =Ajustes!C5 -> 2263831.6 | E13: =C13+D13 -> 4386688.2
B14: (-) Depreciação acumulada | C14: =-Balancete!E10 -> -843273.94 | E14: =C14+D14 -> -843273.94
B15: ATIVO TOTAL | C15: =C4+C11 -> 1926147.3 | D15: =D11+D4 -> 2248181.6 | E15: =E11+E4 -> 4174328.9
B16: CONTAS | C16: VALOR ORIGINAL
B17: PASSIVO CIRCULANTE | C17: =SUM(C18:C22) -> 121638.77 | D17: =SUM(D18:D22) -> 191066.7 | E17: =C17+D17 -> 312705.47
B18: Fornecedores | C18: =Balancete!E11 -> 57476.22 | E18: =C18+D18 -> 57476.22
B19: Salários e encargos a pagar | C19: =Balancete!E12 -> 17157.05 | E19: =C19+D19 -> 17157.05
B20: Tributos a recolher | C20: =Balancete!E13 -> 12814.52 | E20: =C20+D20 -> 12814.52
B21: Adiantamento de clientes | C21: =Balancete!E14 -> 34190.98 | E21: =C21+D21 -> 34190.98
B22: Provisões | D22: =Ajustes!C4 -> 191066.7 | E22: =C22+D22 -> 191066.7
B24: PASSIVO NÃO CIRCULANTE | C24: =C25+C26 -> 56742.33 | D24: =D25+D26 -> 0 | E24: =C24+D24 -> 56742.33
B25: Obrigações financeiras | C25: =Balancete!E15 -> 73207.99 | D25: =Ajustes!C6 -> -16465.66 | E25: =C25+D25 -> 56742.33
B26: (-) Encargos a transcorrer | C26: =-Balancete!D16 -> -16465.66 | D26: =Ajustes!C7 -> 16465.66 | E26: =C26+D26 -> 0
B28: PATRIMÔNIO LÍQUIDO | C28: =SUM(C29:C33) -> 1747766.2 | D28: =SUM(D29:D33) -> 2057114.9 | E28: =C28+D28 -> 3804881.1
B29: Capital social | C29: =Balancete!E17 -> 2000000 | E29: =C29+D29 -> 2000000
B30: (-) Prejuízos acumulados | C30: =-Balancete!D18 -> -810487.81 | E30: =C30+D30 -> -810487.81
B31: Resultado acumulado até OUT/23 | C31: =DRE!C13 -> 558254.03 | E31: =C31+D31 -> 558254.03
B32: Ajustes de Avaliação Ativo | D32: =D13+D6+D7 -> 2248181.6 | E32: =C32+D32 -> 2248181.6
B33: Ajustes de Avaliação Passivo | D33: =-Ajustes!C4 -> -191066.7 | E33: =C33+D33 -> -191066.7
B34: PASSIVO TOTAL + PL TOTAL | C34: =C17+C28+C24 -> 1926147.3 | D34: =D17+D28+D24 -> 2248181.6 | E34: =E17+E24+E28 -> 4174328.9
C36: =C15-C34 -> 0 | D36: =D15-D34 -> 0 | E36: =E15-E34 -> 0

Sheet Ajustes
B2: AJUSTES
B3: CONTA | C3: VALOR | D3: GRUPO
B4: Provisões | C4: 191066.7 | D4: Passivo
B5: Imobilizados | C5: =3270000-(1798044.39-791875.95) -> 2263831.6 | D5: Ativo
B6: Obrigações financeiras | C6: =Balanço!C26 -> -16465.66 | D6: Passivo
B7: Encargos a transcorrer | C7: =-C6 -> 16465.66 | D7: Passivo
B8: Clientes | C8: =0.1*Balanço!C6 -> 23070.912 | D8: Ativo
B9: Estoques | C9: =(Balanço!C7*1.8*0.8)-Balanço!C7 -> 7420.9652 | D9: Ativo
B13: Imóvel | C13: 1798044.4
B14: (-) Depreciação | C14: -791875.9
B15: Valor contábil | C15: =C13+C14 -> 1006168.5
B16: Valor de mercado | C16: 3270000
B17: Diferença | C17: =C16-C15 -> 2263831.5
B19: VP Obrigação financeira | C19: =Balanço!C25/((1+1.35%)^19) -> 56742.331 | D19: =_xlfn.FORMULATEXT(C19) -> =Balanço!C25/((1+1,35%)^19)
B21: Estoque | C21: =Balanço!C7 -> 16865.83
B22: Preço de venda | C22: =C21*1.8 -> 30358.494
B23: (-) Despesas venda | C23: =-0.2*C22 -> -6071.6988
B24: Valor realizável | C24: =C22+C23 -> 24286.795
B25: Diferença | C25: =C24-C21 -> 7420.9652

Sheet Haveres do sócio retirante
B2: APURAÇÃO DOS HAVERES DA SÓCIO RETIRANTE
B3: Nome do sócio retirante | C3: B
B4: % Participação pessoa física | C4: 0.35
B5: PL ajustado | C5: =Balanço!E28 -> 3804881.1
B6: Haveres do sócio retirante | C6: =C4*C5 -> 1331708.4
